 Dungeon Crawl Stone Soup version 0.32-a0-433-g08bcfe7efd (webtiles) character file.

Game seed: 565160609982468183

1375 Dittersdorf the Shield-Bearer (level 8, -2/52 HPs)
             Began as a Gargoyle Fighter on Feb 22, 2024.
             Was an Initiate of Gozag.
             Slain by a wight
             ... wielding a +2 war axe of freezing
              (4 damage)
             ... on level 7 of the Dungeon.
             The game lasted 00:05:59 (4942 turns).

Dittersdorf the Shield-Bearer (Gargoyle Fighter)    Turns: 4942, Time: 00:06:00

Health: -2/52      AC: 17    Str: 25    XL:     8   Next: 66%
Magic:  8/8        EV: 10    Int: 12    God:    Gozag
Gold:   380        SH:  5    Dex: 12    Spells: 7/7 levels left

rFire   . . .        v - +0 morningstar (protect)
rCold   . . .        c - +0 buckler
rNeg    + . .        o - +2 ring mail "Ehulun" {+Inv Str+3 Int+3 Dex+3}
rPois   ∞            (no helmet)
rElec   +            i - +0 cloak
rCorr   .            p - +0 pair of gloves
SInv    .            s - +0 pair of boots
Will    .....        (no amulet)
Stlth   +            (no ring)
HPRegen 0.28/turn    (no ring)
MPRegen 0.11/turn

%: no passive effects
@: gold aura
A: sickness immunity, AC +5, negative energy resistance 1, electricity
resistance, torment resistance 1, petrification resistance
a: Renounce Religion, Evoke Invisibility, Potion Petition, Call Merchant, Bribe
Branch


You were on level 7 of the Dungeon.
You worshipped Gozag.
Gozag was aware of your devotion.
You visited 2 branches of the dungeon, and saw 8 of its levels.

You collected 471 gold pieces.
You paid 91 gold pieces to Gozag.

Inventory:

Hand Weapons
 v - a +0 morningstar of protection (weapon)
Armour
 c - a +0 buckler (worn)
 i - a +0 cloak (worn)
 o - the +2 ring mail "Ehulun" (worn) {+Inv Str+3 Int+3 Dex+3}
   (You found it on level 7 of the Dungeon)

   Str+3:     It affects your strength (+3).
   Int+3:     It affects your intelligence (+3).
   Dex+3:     It affects your dexterity (+3).
   +Inv:      It lets you turn invisible.
 p - a +0 pair of gloves (worn)
 s - a +0 pair of boots (worn)
Wands
 m - a wand of flame (44) (quivered)
 r - a wand of iceblast (7)
Scrolls
 b - a scroll of revelation
 f - a scroll of immolation {unknown}
 j - 2 scrolls of fear
Potions
 a - a potion of invisibility
 d - a potion of might
 e - a potion of brilliance {unknown}
 g - a potion of curing {unknown}
 h - a potion of heal wounds {unknown}
 k - 2 potions of mutation
 l - a potion of attraction {unknown}
 n - a potion of haste
 q - 2 potions of enlightenment
 t - a potion of magic


   Skills:
 + Level 6.5 Fighting
 + Level 5.4 Maces & Flails
 + Level 6.5 Armour
 + Level 6.5 Shields


You had 7 spell levels left.
You didn't know any spells.
Your spell library contained the following spells:

 Spells                   Type           Power      Damage    Failure   Level
 Apportation              Tloc           0%         N/A       50%         1
 Freeze                   Ice            0%         1d3       50%         1
 Slow                     Hex            0%         N/A       50%         1
 Jinxbite                 Hex            0%         N/A       63%         2
 Call Canine Familiar     Summ           0%         N/A       86%         3
 Confusing Touch          Hex            0%         N/A       86%         3
 Frozen Ramparts          Ice            0%         1d1       86%         3
 Fugue of the Fallen      Necr           0%         N/A       86%         3
 Hailstorm                Conj/Ice       0%         3d5       86%         3
 Inner Flame              Hex/Fire       0%         N/A       86%         3
 Ozocubu's Armour         Ice            0%         N/A       86%         3
 Sigil of Binding         Hex            0%         N/A       86%         3
 Vampiric Draining        Necr           0%         2d6       86%         3
 Dimensional Bullseye     Hex/Tloc       0%         N/A       99%         4
 Flame Wave               Conj/Fire      0%         2d4       99%         4
 Manifold Assault         Tloc           0%         N/A       99%         4
 Sticky Flame             Fire/Alch      0%         2d4       99%         4
 Alistair's Intoxication  Alch           0%         N/A       100%        5
 Dispersal                Tloc           0%         N/A       100%        6
 Disjunction              Tloc           0%         N/A       100%        8


Dungeon Overview and Level Annotations

Branches:
Dungeon (7/15)             Temple (1/1) D:5

Altars:
Ashenzari
Cheibriados
Dithmenos
Elyvilon
Fedhas
Gozag
Hepliaklqana
Kikubaaqudgha
Makhleb
Okawaru
Qazlal
Ru
Sif Muna
Trog
Vehumet
Wu Jian
Xom
Yredelemnul
Zin
The Shining One

Shops:
D:2 ?*(**

Annotations:
D:6 2 transporters, knightboat's ghost, novice NaBr


Innate Abilities, Weirdness & Mutations

You are immune to sickness and miasma.
Your stone body is resilient. (AC +5)
You are immune to poison.
You resist negative energy. (rN+)
You are resistant to electric shocks. (rElec)
You are resistant to unholy torment.
You are immune to petrification.


Message History

The wight is heavily damaged.
The wight closely misses you. The wight hits you with a +4 battleaxe!
You are too injured to fight recklessly!
You are too injured to fight recklessly!
You are too injured to fight recklessly!
You are too injured to fight recklessly!
You are too injured to fight recklessly!
You are too injured to fight recklessly!
You are too injured to fight recklessly!
You are too injured to fight recklessly!
You are too injured to fight recklessly!
You are too injured to fight recklessly!
You are too injured to fight recklessly!
You are too injured to fight recklessly!
You are too injured to fight recklessly!
You are too injured to fight recklessly!
You are too injured to fight recklessly!
You are too injured to fight recklessly!
You are too injured to fight recklessly!
You hit the wight.
The wight is severely damaged.
The wight is no longer distracted by gold.
You block the wight's attack. The wight hits you with a +4 battleaxe!
The wight hits you from afar with a +2 spear.
* * * LOW HITPOINT WARNING * * *
You block the wight's attack. The wight hits you but does no damage.
The wight closely misses you. The wight attacks as it pursues you!
The wight hits you with a +4 battleaxe.
* * * LOW HITPOINT WARNING * * *
The wight attacks as it pursues you!
The wight hits you from afar with a +2 spear.
* * * LOW HITPOINT WARNING * * *
The wight attacks as it pursues you! The wight barely misses you.
The wight attacks as it pursues you! The wight hits you but does no damage.
The wight attacks as it pursues you! The wight hits you with a +4 battleaxe.
* * * LOW HITPOINT WARNING * * *
The wight attacks as it pursues you!
The wight hits you with a +2 war axe of freezing.
You die...
Your body crumbles into a pile of gold.

#.. .# ...####...#..
##..#####.# ..#..........
>......#.###.
..........#.#
#............ ##.###.#.#.#
#.#.....## #.# #.#.#.#
#.$.....# #.# #.#.#.#
#.#$.....# #.###)....#
.###..z..#######.##......#
#......zz@...............#
#.###.#.#####.#####.....(#
# #.#.................##
#.##.####.########.##
#.##......# .# #.##♣♣...♣♣
.# #. ._..♣ .# ...♣ ♣♣♣♣♣


You could see 3 wights.

Vanquished Creatures
  A water moccasin (D:4)
  An ice beast (D:6)
  2 centaurs
  2 phantoms (D:5)
  2 scorpions
  A wight (D:7)
  A bombardier beetle (D:3)
  2 jellies (D:5)
  3 hounds
  An orc priest (D:5)
  2 sleepcaps
  9 iguanas
  A gnoll (D:5)
  7 adders
  2 shadow imps (D:7)
  A white imp (D:7)
  2 ribbon worms
  6 dart slugs
  12 orcs
  9 endoplasms
  2 giant cockroaches
  2 goblins
  9 hobgoblins
  4 jackals (D:2)
  4 quokkas
  8 ball pythons
  5 bats
  7 frilled lizards
  4 kobolds
  8 rats
120 creatures vanquished.

Vanquished Creatures (others)
  A sky beast (D:7)
1 creature vanquished.

Grand Total: 121 creatures vanquished

Notes
Turn   | Place    | Note
-------+----------+-------------------------------------------
     0 | D:1      | Dittersdorf the Gargoyle Fighter began the quest for the
                  | Orb.
     0 | D:1      | Reached XP level 1. HP: 14/14 MP: 1/1
   189 | D:1      | Reached XP level 2. HP: 19/19 MP: 2/2
   533 | D:1      | Reached XP level 3. HP: 23/23 MP: 3/3
   736 | D:2      | Found Dyhebrof's Weapon Shoppe.
   831 | D:2      | Found a faded altar of an unknown god.
   878 | D:2      | Found Mokhyrph's Assorted Antiques.
  1028 | D:2      | Reached XP level 4. HP: 18/29 MP: 4/4
  1118 | D:2      | Found Duanuazafo's Assorted Antiques.
  1234 | D:2      | Found Wekuem's General Store.
  1319 | D:2      | Found a burning altar of Makhleb.
  1328 | D:2      | Found Fuecin's Magic Scroll Boutique.
  1588 | D:3      | Reached XP level 5. HP: 28/33 MP: 5/5
  2297 | D:4      | Reached XP level 6. HP: 39/39 MP: 6/6
  2864 | D:5      | Entered Level 5 of the Dungeon
  2959 | D:5      | Noticed a water moccasin
  2982 | D:4      | Killed a water moccasin
  2983 | D:4      | Reached skill level 5 in Fighting
  2983 | D:4      | Reached skill level 5 in Armour
  2983 | D:4      | Reached skill level 5 in Shields
  2985 | D:4      | Reached XP level 7. HP: 19/44 MP: 7/7
  3548 | D:5      | Reached XP level 8. HP: 46/51 MP: 8/8
  4129 | D:5      | Found a staircase to the Ecumenical Temple.
  4314 | Temple   | Entered the Ecumenical Temple
  4322 | Temple   | Became a worshipper of Gozag Ym Sagoz the Greedy
  4358 | D:6      | Reached skill level 5 in Maces & Flails
  4431 | D:6      | Noticed knightboat's ghost (novice NaBr)
  4463 | D:6      | Found a transporter.
  4561 | D:6      | Found a transporter.
  4663 | D:6      | Found a shimmering blue altar of Sif Muna.
  4664 | D:6      | Found a snail-covered altar of Cheibriados.
  4664 | D:6      | Found a shimmering altar of Xom.
  4664 | D:6      | Found an iron altar of Okawaru.
  4665 | D:6      | Found a broken altar of Ashenzari.
  4665 | D:6      | Found a white marble altar of Elyvilon.
  4666 | D:6      | Found an ancient bone altar of Kikubaaqudgha.
  4666 | D:6      | Found an ornate altar of the Wu Jian Council.
  4666 | D:6      | Found a glowing golden altar of the Shining One.
  4666 | D:6      | You fall into a shaft and drop 1 floor!
  4691 | D:7      | Identified the +2 ring mail "Ehulun" {+Inv Str+3 Int+3
                  | Dex+3}
  4909 | D:7      | Found a blossoming altar of Fedhas.
  4940 | D:7      | HP: 1/52 [wight/+4 battleaxe (4)]
  4942 | D:7      | Slain by a wight

Illustrated notes

Levels and vault maps discovered:
D:1:      mainiacjoe_arrival_oval_in_oval, layout_loops_ring,
          minmay_tetromino_t2
D:2:      layout_rooms, chequers_ecumenical_altar_simple, basic_altar,
          serial_shops, nicolae_shop_advertising_works
          [nicolae_subvault_shop_adworks], shop, nicolae_shop_rolling_square,
          nicolae_shop_crystal, shop_coins
D:3:      layout_basic, minivault_27
D:4:      layout_basic, grunt_decor_one_mirror
D:5:      layout_cave_pods, minmay_temple_entry_overgrown, minmay_pentangle
D:6:      minmay_octagon_keep, layout_rooms, nicolae_overflows_in_rows,
          gammafunk_ghost_stat_death
D:7:      layout_loops_ring, mainiacjoe_overflow_alcove_1, serial_shops,
          nicolae_shop_hallway_plus
Temple:   dpeg_chambers_temple

Skill      XL: |  1  2  3  4  5  6  7  8 |
---------------+-------------------------+-----
Armour         | 4 5 6 |  6.5
Fighting       | 4 5 6 |  6.5
Maces & Flails | 3 4 5 |  5.4
Shields        | 4 5 6 |  6.5

Action                     |  1- 3 |  4- 6 |  7- 9 || total
---------------------------+-------+-------+-------++-------
  Melee: Flail             |   127 |   141 |       ||   268
         Morningstar       |       |    63 |   171 ||   234
    Use: Scroll            |       |     9 |     6 ||    15
 Armour: Chain mail        |   122 |   157 |   122 ||   401
         Scale mail        |    10 |       |       ||    10
         Ring mail         |       |       |    35 ||    35
  Dodge: Dodged            |    65 |    79 |    86 ||   230
  Block: Buckler           |    36 |    56 |    46 ||   138

Table legend: (Time is in decaauts)
 A = Elapsed time spent in this place.
 B = Non-inter-level travel time spent in this place.
 C = Inter-level travel time spent in this place.
 D = Time resting spent in this place.
 E = Time spent auto-exploring this place.
 F = Levels seen in this place.
 G = Mean time per level.
                   A        B        C        D        E       F      G
               +--------+--------+--------+--------+--------+-----+--------+
         Total |   5093 |   4781 |    312 |    200 |   3274 |   8 |  636.6 |
       Dungeon |   5076 |   4765 |    311 |    200 |   3274 |   7 |  725.1 |
        Temple |     16 |     16 |      0 |      0 |      0 |   1 |   16.0 |
               +--------+--------+--------+--------+--------+-----+--------+

Top non-repeatable levels by time:
     D:5: 1401 daAuts
     D:4: 930 daAuts
     D:1: 775 daAuts
     D:3: 695 daAuts
     D:2: 691 daAuts
     D:6: 298 daAuts
     D:7: 283 daAuts
  Temple: 16 daAuts
